 Dungeon Sprint DCSS version 0.22.1-2-g9c5b331 (webtiles) character file.

4241 diana the Basher (level 10, -1/71 HPs)
             Began as a Gargoyle Monk on Dec 3, 2018.
             Was an Elder of Trog.
             Killed from afar by Maurice (24 damage)
             ... with a wand of acid (6)
             ... in the Dungeon (Sprint IX: "|||||||||||||||||||||||||||||").
             The game lasted 00:04:25 (946 turns).

diana the Basher (Gargoyle Monk)                     Turns: 946, Time: 00:04:25

Health: -1/71      AC: 23    Str: 18    XL:     10   Next: 30%
Magic:  10/10      EV: 12    Int: 14    God:    Trog [****..]
Gold:   0          SH:  0    Dex: 12    Spells: 9/9 levels left

rFire    . . .     SeeInvis .   m - +2 morningstar (protect)
rCold    . . .     Gourm    .   (no shield)
rNeg     + . .     Faith    .   w - +0 plate armour
rPois    ∞         Spirit   .   o - +0 helmet
rElec    +         Reflect  .   a - +0 cloak
rCorr    .         Harm     .   n - +0 pair of gloves
MR       .....     NoTele   +   (no boots)
Stlth    ..........             (no amulet)
HPRegen  0.21/turn              r - +2 ring of evasion
MPRegen  0.12/turn              q - +3 ring of intelligence

@: corroded, berserk cooldown, slowed, very slow
A: negative energy resistance 1, electricity resistance, unbreathing,
petrification resistance, rot immunity, AC +7
a: Berserk, Trog's Hand, Brothers in Arms, Renounce Religion


You were in the Dungeon.
You worshipped Trog.
Trog was greatly pleased with you.
You were not hungry.

You visited 1 branch

Inventory:

Hand Weapons
 m - a +2 morningstar of protection (weapon)
Armour
 a - a +0 cloak (worn)
 n - a +0 pair of gloves (worn)
 o - a +0 helmet (worn)
 w - a +0 plate armour (worn)
Jewellery
 q - a +3 ring of intelligence (right hand)
 r - a +2 ring of evasion (left hand)
Scrolls
 i - a scroll of blinking
 k - 3 scrolls of remove curse
 x - a scroll of fog
 y - 4 scrolls of enchant armour
 A - a scroll of identify
Potions
 d - 5 potions of curing
 e - 9 potions of heal wounds
 f - a potion of haste
 g - 4 potions of magic
 h - a potion of berserk rage
 j - a potion of invisibility
 t - a potion of agility
 u - a potion of might
 v - a potion of mutation
 C - a potion of ambrosia {unknown}
Comestibles
 c - 11 rations


   Skills:
 + Level 12.0 Fighting
 * Level 14.8 Maces & Flails
 + Level 11.5 Armour
 + Level 9.4 Dodging
 - Level 2.1 Stealth


You had 9 spell levels left.
You didn't know any spells.
Your spell library was empty.

Dungeon Overview and Level Annotations

Branches:
Dungeon (1/1)

Altars:
Cheibriados
Dithmenos
Elyvilon
Fedhas
Gozag
Hepliaklqana
Kikubaaqudgha
Makhleb
Nemelex Xobeh
Okawaru
Qazlal
Ru
Sif Muna
Trog
Uskayaw
Vehumet
Wu Jian
Xom
Yredelemnul
Zin
The Shining One
Beogh
Jiyva
Lugonu

Annotations:
D Maurice


Innate Abilities, Weirdness & Mutations

You are resistant to torment.
Your stone body is resilient. (AC +7)
You are immune to poison.
You resist negative energy. (rN+)
You are resistant to electric shocks. (rElec)
You can survive without breathing.
You are immune to petrification.
You are immune to rotting.


Message History

You puncture something!
You are no longer berserk.
You are exhausted.
You feel as though you will be slow longer.
Something hits you but does no damage.
You barely miss something. Something hits you but does no damage.
You miss something.
You hear a zap.
A bolt of acid appears from out of thin air!
The bolt of acid hits you!
You are splashed with acid!
The acid burns!
You miss something.
You hear a zap.
A bolt of acid appears from out of thin air!
The bolt of acid misses you.
You completely miss something. Something hits you but does no damage.
You closely miss something. Something hits you but does no damage.
You hear a zap.
A bolt of acid appears from out of thin air!
The bolt of acid hits you!
You die...

▓.▓.▓.▓.▓
▓.▓.▓.▓?▓
▓.▓.▓.▓|▓
▓.▓.▓.▓(▓
▓.▓.▓.▓.▓
▓.▓.▓.▓.▓
▓.▓.▓.▓.▓
▓.▓.▓.▓.▓
▓@▓[▓.▓.▓
▓{▓)▓.▓'▓
▓.▓.▓.▓)▓
▓.▓(▓.▓.▓
▓.▓'▓.▓.▓
▓.▓.▓.▓†▓
▓.▓.▓.▓.▓
▓.▓[▓.▓.▓
▓.▓.▓.▓(▓


There were no monsters in sight!

Vanquished Creatures
  Erica (D)
  A komodo dragon (D)
  A slime creature (D)
  2 blink frogs (D)
  A basilisk (D)
  A vampire mosquito (D)
  A steam dragon (D)
  A warg (D)
  A porcupine (D)
  A sky beast (D)
  A centaur (D)
  A wolf (D)
  2 crimson imps (D)
  A worker ant (D)
  An orc wizard (D)
  An adder (D)
  2 adder skeletons (D)
  2 leopard geckos (D)
  3 orcs (D)
  2 giant cockroaches (D)
  A jackal (D)
  A bat (D)
  A quokka zombie (D)
30 creatures vanquished.

Vanquished Creatures (collateral kills)
  A hydra (D)
  A death yak (D)
  Urug (D)
  A spiny frog (D)
  A hippogriff (D)
  A wyvern (D)
  2 yaks (D)
  A hell hound (D)
  5 wolves (D)
  3 crocodiles (D)
  3 bullfrogs (D)
20 creatures vanquished.

Grand Total: 50 creatures vanquished

Notes
Turn   | Place    | Note
-------+----------+-------------------------------------------
     0 | D        | diana the Gargoyle Monk began the quest for the Orb.
     0 | D        | Reached XP level 1. HP: 14/14 MP: 1/1
     9 | D        | Reached skill level 1 in Armour
    24 | D        | Reached XP level 2. HP: 20/20 MP: 2/2
    36 | D        | Reached skill level 4 in Maces & Flails
    59 | D        | Found a roughly hewn altar of Beogh.
    59 | D        | Found a snail-covered altar of Cheibriados.
    59 | D        | Found a shadowy altar of Dithmenos.
    59 | D        | Found a white marble altar of Elyvilon.
    59 | D        | Found a blossoming altar of Fedhas.
    59 | D        | Found an opulent altar of Gozag.
    60 | D        | Found a hazy altar of Hepliaklqana.
    61 | D        | Found a viscous altar of Jiyva.
    62 | D        | Found an ancient bone altar of Kikubaaqudgha.
    63 | D        | Found a corrupted altar of Lugonu.
    64 | D        | Found a burning altar of Makhleb.
    65 | D        | Found a sparkling altar of Nemelex Xobeh.
    66 | D        | Found an iron altar of Okawaru.
    67 | D        | Found a stormy altar of Qazlal.
    68 | D        | Found a sacrificial altar of Ru.
    69 | D        | Found a deep blue altar of Sif Muna.
    70 | D        | Found a bloodstained altar of Trog.
    71 | D        | Found a hide-covered altar of Uskayaw.
    72 | D        | Found a radiant altar of Vehumet.
    73 | D        | Found an ornate altar of the Wu Jian Council.
    74 | D        | Found a shimmering altar of Xom.
    75 | D        | Found a basalt altar of Yredelemnul.
    76 | D        | Found a glowing silver altar of Zin.
    77 | D        | Found a glowing golden altar of the Shining One.
    79 | D        | Became a worshipper of Trog the Wrathful
    79 | D        | Reached * piety under Trog
    79 | D        | Reached ** piety under Trog
   203 | D        | Noticed a centaur
   203 | D        | Noticed a crimson imp
   203 | D        | Noticed a steam dragon
   203 | D        | Noticed a sky beast
   208 | D        | Killed a centaur
   208 | D        | Reached skill level 5 in Fighting
   208 | D        | Reached skill level 6 in Maces & Flails
   208 | D        | Reached XP level 3. HP: 26/26 MP: 3/3
   208 | D        | Reached XP level 4. HP: 31/31 MP: 4/4
   210 | D        | Reached XP level 5. HP: 36/36 MP: 5/5
   211 | D        | Reached skill level 7 in Maces & Flails
   212 | D        | Reached skill level 5 in Armour
   217 | D        | Killed a steam dragon
   217 | D        | Reached *** piety under Trog
   217 | D        | Reached skill level 8 in Maces & Flails
   217 | D        | Reached skill level 5 in Dodging
   217 | D        | Reached XP level 6. HP: 44/44 MP: 6/6
   221 | D        | Killed a sky beast
   221 | D        | Reached skill level 9 in Maces & Flails
   271 | D        | Noticed a slime creature
   271 | D        | Noticed a vampire mosquito
   278 | D        | Killed a slime creature
   278 | D        | Reached skill level 10 in Maces & Flails
   278 | D        | Reached XP level 7. HP: 49/49 MP: 7/7
   283 | D        | Reached **** piety under Trog
   293 | D        | Killed a vampire mosquito
   319 | D        | Received a gift from Trog
   523 | D        | Noticed a hippogriff
   523 | D        | Noticed a blink frog
   523 | D        | Noticed a yak
   523 | D        | Noticed a yak
   528 | D        | Killed a hippogriff
   528 | D        | Reached skill level 11 in Maces & Flails
   528 | D        | Reached XP level 8. HP: 56/56 MP: 8/8
   532 | D        | Killed a yak
   533 | D        | Noticed a komodo dragon
   535 | D        | Noticed a blink frog
   535 | D        | Killed a yak
   541 | D        | Killed a blink frog
   541 | D        | Reached ***** piety under Trog
   550 | D        | Killed a komodo dragon
   550 | D        | Reached skill level 10 in Fighting
   550 | D        | Reached skill level 12 in Maces & Flails
   557 | D        | Reached XP level 9. HP: 54/62 MP: 9/9
   610 | D        | Noticed a six-headed hydra
   610 | D        | Noticed a spiny frog
   611 | D        | Noticed a death yak
   614 | D        | Killed a six-headed hydra
   614 | D        | Reached skill level 13 in Maces & Flails
   614 | D        | Reached skill level 10 in Armour
   619 | D        | Killed a spiny frog
   624 | D        | Killed a death yak
   627 | D        | Reached ****** piety under Trog
   651 | D        | Reached skill level 14 in Maces & Flails
   659 | D        | Received a gift from Trog
   659 | D        | Reached XP level 10. HP: 64/70 MP: 10/10
   714 | D        | Noticed Urug
   744 | D        | Killed Urug
   883 | D        | Noticed Erica
   883 | D        | Noticed Maurice
   938 | D        | Killed Erica
   946 | D        | Killed from afar by Maurice

Skill      XL: |  1  2  3  4  5  6  7  8  9 10 |
---------------+-------------------------------+-----
Armour         | 1 4 6 7 8 9 11 | 11.5
Maces & Flails | 6 8 10 11 12 14 | 14.8
Fighting       | 5 7 8 9 10 11 12 | 12.0
Dodging        | 4 5 6 7 9 |  9.4
Stealth        | |  2.1

Action                   |  1- 3 |  4- 6 |  7- 9 | 10-12 || total
-------------------------+-------+-------+-------+-------++-------
Melee: Mace              |    42 |       |       |       ||    42
       Morningstar       |     2 |    15 |    71 |    29 ||   117
Invok: Berserk           |     1 |     1 |       |     1 ||     3
       Trog's Hand       |     1 |     1 |       |     1 ||     3
       Brothers in Arms  |       |       |     3 |     4 ||     7
  Use: Scroll            |       |       |       |     1 ||     1
  Eat: Chunk             |       |       |     3 |     1 ||     4
       Ration            |       |       |       |     1 ||     1
Armor: Robe              |     8 |       |       |       ||     8
       Chain mail        |     4 |     7 |    26 |       ||    37
       Plate armour      |       |       |    20 |    39 ||    59
Dodge: Dodged            |    38 |     8 |    39 |    18 ||   103
